2930 views
Uploaded 2019-12-01 20:39:06
Game version 1.32.0.3 / 1.32.0.3.1
54:19 long 4on4 ladder game on (8)MarketSquare
Saved by iggythefisk
2930 views
Uploaded 2019-12-01 20:39:06
Game version 1.32.0.3 / 1.32.0.3.1
54:19 long 4on4 ladder game on (8)MarketSquare


125 units @ 15.9k
/ 1.9k
304 buildings @ 18.8k
/ 8.8k


| Potion of Mana | 1 | 200 |
| Orb of Fire | 1 | 325 |
| total: | 2 | 525g |
| Acolyte | 17 | 1275 | / | 0 |
| Ghoul | 12 | 1440 | / | 0 |
| Crypt Fiend | 22 | 4730 | / | 880 |
| Abomination | 10 | 2400 | / | 700 |
| total: | 61 | 9845g | / | 1580w |
| Spirit Tower | 16 | 2320 | / | 640 |
| Nerubian Tower | 2 | 200 | / | 40 |
| Altar of Darkness | 2 | 360 | / | 100 |
| Crypt | 3 | 600 | / | 150 |
| Ziggurat | 29 | 4350 | / | 1450 |
| Graveyard | 1 | 215 | / | 0 |
| Necropolis | 2 | 450 | / | 0 |
| Slaughterhouse | 2 | 280 | / | 270 |
| Sacrificial Pit | 1 | 75 | / | 150 |
| Halls of the Dead | 2 | 640 | / | 420 |
| Black Citadel | 2 | 650 | / | 460 |
| Scout Tower | 13 | 390 | / | 260 |
| Guard Tower | 1 | 70 | / | 50 |
| Lumber Mill | 1 | 120 | / | 0 |
| Blacksmith | 1 | 140 | / | 60 |
| Keep | 1 | 320 | / | 210 |
| total: | 55 | 6980g | / | 2440w |
| 0:09 | Acolyte |
| 0:09 | Acolyte |
| 0:13 | Acolyte |
| 0:17 | Altar of Darkness |
| 0:27 | Crypt |
| 0:46 | Ziggurat |
| 1:10 | Graveyard |
| 1:37 | Ziggurat |
| 1:52 | Ghoul |
| 1:52 | Ghoul |
| 2:02 | Ghoul |
| 2:22 | Storm Bolt |
| 2:32 | Ghoul |
| 2:32 | Ghoul |
| 2:33 | Ghoul |
| 2:46 | Unholy Strength |
| 2:55 | Impale |
| 3:15 | Ghoul |
| 4:06 | Crypt Fiend |
| 4:06 | Crypt Fiend |
| 4:06 | Crypt Fiend |
| 4:55 | Halls of the Dead |
| 4:57 | Crypt Fiend |
| 5:13 | Ziggurat |
| 6:04 | Ziggurat |
| 6:05 | Spirit Tower |
| 6:44 | Cannibalize |
| 6:46 | Ghoul |
| 7:06 | Carrion Beetles |
| 7:34 | Necropolis |
| 7:51 | Acolyte |
| 8:05 | Acolyte |
| 8:57 | Acolyte |
| 9:02 | Acolyte |
| 9:02 | Acolyte |
| 9:03 | Acolyte |
| 9:03 | Acolyte |
| 9:07 | Acolyte |
| 9:11 | Improved Unholy Strength |
| 9:51 | Acolyte |
| 9:51 | Acolyte |
| 9:58 | Ziggurat |
| 10:00 | Ziggurat |
| 10:15 | Ziggurat |
| 10:25 | Spirit Tower |
| 11:10 | Spirit Tower |
| 11:11 | Spirit Tower |
| 11:31 | Acolyte |
| 11:39 | Ziggurat |
| 11:41 | Ziggurat |
| 11:43 | Ziggurat |
| 11:48 | Ziggurat |
| 12:09 | Ghoul |
| 12:10 | Ghoul |
| 12:10 | Ghoul |
| 12:19 | Ziggurat |
| 12:22 | Ziggurat |
| 12:37 | Nerubian Tower |
| 12:43 | Web |
| 12:53 | Black Citadel |
| 12:58 | Unholy Armor |
| 13:01 | Creature Carapace |
| 13:05 | Ghoul |
| 13:12 | Spirit Tower |
| 13:18 | Spirit Tower |
| 13:50 | Keep |
| 14:01 | Lumber Mill |
| 14:08 | Blacksmith |
| 14:34 | Nerubian Tower |
| 14:36 | Spirit Tower |
| 14:54 | Slaughterhouse |
| 14:57 | Improved Unholy Armor |
| 14:57 | Creature Attack |
| 15:10 | Spirit Tower |
| 15:14 | Ziggurat |
| 15:21 | Ziggurat |
| 15:28 | Ziggurat |
| 15:29 | Ziggurat |
| 15:30 | Ziggurat |
| 15:31 | Ziggurat |
| 15:32 | Ziggurat |
| 15:33 | Ziggurat |
| 15:34 | Ziggurat |
| 15:36 | Ziggurat |
| 15:38 | Ziggurat |
| 15:40 | Ziggurat |
| 15:41 | Ziggurat |
| 15:57 | Ghoul Frenzy |
| 16:06 | Ziggurat |
| 16:19 | Advanced Unholy Strength |
| 16:31 | Abomination |
| 16:40 | Spirit Tower |
| 16:45 | Spirit Tower |
| 16:52 | Spirit Tower |
| 16:59 | Spirit Tower |
| 17:23 | Spirit Tower |
| 17:35 | Disease Cloud |
| 17:59 | Spirit Tower |
| 18:13 | Advanced Unholy Armor |
| 18:27 | Improved Creature Attack |
| 18:29 | Improved Creature Carapace |
| 18:42 | Abomination |
| 19:02 | Scout Tower |
| 19:03 | Scout Tower |
| 19:04 | Scout Tower |
| 19:05 | Scout Tower |
| 19:14 | Scout Tower |
| 19:15 | Scout Tower |
| 19:16 | Scout Tower |
| 19:17 | Scout Tower |
| 19:17 | Scout Tower |
| 19:18 | Scout Tower |
| 19:19 | Scout Tower |
| 19:20 | Scout Tower |
| 19:20 | Scout Tower |
| 19:22 | Guard Tower |
| 19:37 | Abomination |
| 19:38 | Abomination |
| 19:38 | Abomination |
| 19:46 | Spirit Tower |
| 19:47 | Spirit Tower |
| 20:16 | Abomination |
| 20:24 | Advanced Creature Attack |
| 20:24 | Advanced Creature Carapace |
| 20:33 | Slaughterhouse |
| 21:02 | Abomination |
| 21:02 | Abomination |
| 21:44 | Pocket Factory |
| 22:23 | Acolyte |
| 22:23 | Acolyte |
| 22:40 | Spiked Carapace |
| 22:53 | Abomination |
| 22:53 | Abomination |
| 23:51 | Cluster Rockets |
| 25:33 | Crypt Fiend |
| 25:33 | Crypt Fiend |
| 25:33 | Crypt Fiend |
| 25:33 | Crypt Fiend |
| 25:33 | Crypt Fiend |
| 25:33 | Crypt Fiend |
| 25:58 | Sacrificial Pit |
| 26:23 | Acolyte |
| 26:29 | Crypt |
| 26:46 | Crypt |
| 28:13 | Burrow |
| 28:13 | Crypt Fiend |
| 28:14 | Crypt Fiend |
| 28:14 | Crypt Fiend |
| 28:14 | Crypt Fiend |
| 28:14 | Crypt Fiend |
| 28:20 | Crypt Fiend |
| 28:20 | Crypt Fiend |
| 29:15 | Crypt Fiend |
| 29:53 | Crypt Fiend |
| 30:40 | Ziggurat |
| 31:25 | Orb of Fire |
| 34:26 | Crypt Fiend |
| 40:37 | Crypt Fiend |
| 40:37 | Crypt Fiend |
| 40:48 | Necropolis |
| 42:20 | Halls of the Dead |
| 43:30 | Altar of Darkness |
| 45:13 | Black Citadel |
| 45:20 | Ziggurat |
| 46:24 | Engineering Upgrade |
| 48:57 | Potion of Mana |
| Right click | 2325 |
| Select | 624 |
| Select group | 442 |
| Build/train/purchase | 140 |
| Use ability | 71 |
| Misc. action | 49 |
| Assign group | 34 |
| Chat | 34 |
| Resource trade | 15 |
| Remove unit | 9 |
| Minimap ping | 5 |
| Item give/drop | 2 |
| Peasant | 6 | 450 | / | 0 |
| Footman | 2 | 270 | / | 0 |
| total: | 8 | 720g | / | 0w |
| Altar of Kings | 1 | 180 | / | 50 |
| Barracks | 1 | 160 | / | 60 |
| Farm | 5 | 400 | / | 100 |
| total: | 7 | 740g | / | 210w |
| 0:07 | Altar of Kings |
| 0:10 | Barracks |
| 0:12 | Farm |
| 0:14 | Peasant |
| 0:21 | Peasant |
| 0:37 | Peasant |
| 0:54 | Farm |
| 1:00 | Peasant |
| 1:08 | Peasant |
| 1:22 | Footman |
| 1:32 | Farm |
| 1:38 | Peasant |
| 1:51 | Footman |
| 2:01 | Farm |
| 2:07 | Farm |
| Select | 13 |
| Right click | 10 |
| Build/train/purchase | 9 |



x1)
| Scroll of Regeneration | 4 | 400 |
| Staff of Sanctuary | 3 | 750 |
| Orb of Fire | 2 | 650 |
| Potion of Healing | 1 | 150 |
| Dust of Appearance | 1 | 75 |
| Boots of Speed | 3 | 750 |
| Staff of Teleportation | 3 | 450 |
| Potion of Lesser Invulnerability | 1 | 150 |
| Potion of Invisibility | 1 | 100 |
| Tome of Retraining | 1 | 300 |
| Circlet of Nobility | 1 | 175 |
| Periapt of Vitality | 1 | 325 |
| total: | 22 | 4275g |
| Peasant | 25 | 1875 | / | 0 |
| Priest | 2 | 270 | / | 20 |
| Dragonhawk Rider | 8 | 1600 | / | 240 |
| total: | 35 | 3745g | / | 260w |
| Scout Tower | 132 | 3960 | / | 2640 |
| Arcane Tower | 9 | 630 | / | 450 |
| Guard Tower | 42 | 2940 | / | 2100 |
| Altar of Kings | 1 | 180 | / | 50 |
| Lumber Mill | 1 | 120 | / | 0 |
| Farm | 10 | 800 | / | 200 |
| Arcane Vault | 3 | 390 | / | 90 |
| Town Hall | 1 | 385 | / | 205 |
| Barracks | 1 | 160 | / | 60 |
| Blacksmith | 1 | 140 | / | 60 |
| Arcane Sanctum | 1 | 150 | / | 140 |
| Gryphon Aviary | 2 | 280 | / | 300 |
| Keep | 1 | 320 | / | 210 |
| Castle | 1 | 360 | / | 210 |
| total: | 153 | 6565g | / | 3745w |
| 0:01 | Peasant |
| 0:07 | Altar of Kings |
| 0:08 | Peasant |
| 0:18 | Lumber Mill |
| 0:19 | Peasant |
| 0:24 | Farm |
| 0:32 | Peasant |
| 0:46 | Peasant |
| 0:59 | Peasant |
| 1:13 | Scout Tower |
| 1:18 | Farm |
| 1:19 | Peasant |
| 1:20 | Improved Masonry |
| 1:30 | Peasant |
| 1:33 | Scout Tower |
| 1:44 | Peasant |
| 1:52 | Arcane Tower |
| 2:06 | Summon Water Elemental |
| 2:14 | Arcane Tower |
| 2:56 | Peasant |
| 2:56 | Peasant |
| 3:01 | Scout Tower |
| 3:15 | Arcane Vault |
| 3:16 | Peasant |
| 3:17 | Peasant |
| 3:34 | Scout Tower |
| 3:41 | Guard Tower |
| 3:52 | Peasant |
| 3:52 | Peasant |
| 4:05 | Scout Tower |
| 4:05 | Guard Tower |
| 4:12 | Brilliance Aura |
| 4:27 | Keep |
| 4:41 | Scout Tower |
| 4:50 | Guard Tower |
| 4:58 | Scout Tower |
| 5:38 | Guard Tower |
| 5:38 | Scout Tower |
| 5:39 | Scout Tower |
| 5:51 | Summon Water Elemental |
| 6:08 | Town Hall |
| 6:27 | Scout Tower |
| 6:28 | Scout Tower |
| 6:29 | Scout Tower |
| 6:30 | Scout Tower |
| 6:30 | Scout Tower |
| 6:33 | Guard Tower |
| 6:53 | Arcane Tower |
| 6:57 | Improved Lumber Harvesting |
| 6:58 | Advanced Masonry |
| 7:06 | Farm |
| 7:07 | Imbued Masonry |
| 7:11 | Guard Tower |
| 7:55 | Guard Tower |
| 7:56 | Scout Tower |
| 7:57 | Scout Tower |
| 7:57 | Scout Tower |
| 8:28 | Guard Tower |
| 8:28 | Scout Tower |
| 8:58 | Castle |
| 9:11 | Guard Tower |
| 9:12 | Scout Tower |
| 9:15 | Peasant |
| 9:15 | Peasant |
| 9:15 | Peasant |
| 9:15 | Peasant |
| 9:41 | Storm Bolt |
| 10:07 | Guard Tower |
| 10:09 | Scout Tower |
| 10:09 | Scout Tower |
| 10:11 | Peasant |
| 10:48 | Guard Tower |
| 10:50 | Arcane Vault |
| 10:51 | Scout Tower |
| 10:52 | Scout Tower |
| 10:52 | Scout Tower |
| 11:20 | Scout Tower |
| 11:20 | Scout Tower |
| 11:21 | Scout Tower |
| 11:24 | Advanced Lumber Harvesting |
| 11:26 | Arcane Sanctum |
| 11:28 | Peasant |
| 11:28 | Peasant |
| 11:28 | Peasant |
| 11:32 | Arcane Tower |
| 11:34 | Scout Tower |
| 11:35 | Scout Tower |
| 11:35 | Scout Tower |
| 11:36 | Scout Tower |
| 11:36 | Scout Tower |
| 11:37 | Scout Tower |
| 11:42 | Scout Tower |
| 11:46 | Scroll of Regeneration |
| 11:47 | Staff of Sanctuary |
| 12:08 | Orb of Fire |
| 12:23 | Guard Tower |
| 12:25 | Arcane Vault |
| 12:31 | Boots of Speed |
| 12:32 | Staff of Teleportation |
| 12:36 | Guard Tower |
| 12:37 | Peasant |
| 12:42 | Holy Light |
| 12:44 | Farm |
| 12:46 | Scout Tower |
| 12:56 | Staff of Sanctuary |
| 12:59 | Orb of Fire |
| 13:16 | Boots of Speed |
| 13:17 | Staff of Teleportation |
| 13:24 | Scout Tower |
| 13:24 | Scout Tower |
| 13:25 | Guard Tower |
| 13:27 | Guard Tower |
| 13:29 | Peasant |
| 13:40 | Scout Tower |
| 13:41 | Scout Tower |
| 14:32 | Guard Tower |
| 14:33 | Scout Tower |
| 14:34 | Scout Tower |
| 14:36 | Scout Tower |
| 14:37 | Scout Tower |
| 14:48 | Magic Sentry |
| 15:08 | Guard Tower |
| 15:16 | Priest Adept Training |
| 15:16 | Priest |
| 15:17 | Scout Tower |
| 15:20 | Bash |
| 15:42 | Divine Shield |
| 15:53 | Arcane Tower |
| 15:54 | Scout Tower |
| 16:00 | Scout Tower |
| 16:05 | Potion of Lesser Invulnerability |
| 16:05 | Boots of Speed |
| 16:09 | Potion of Invisibility |
| 16:14 | Dust of Appearance |
| 16:59 | Staff of Teleportation |
| 17:03 | Arcane Tower |
| 17:04 | Guard Tower |
| 17:09 | Scout Tower |
| 17:09 | Scout Tower |
| 17:12 | Brilliance Aura |
| 17:41 | Scout Tower |
| 17:44 | Scout Tower |
| 17:44 | Arcane Tower |
| 18:00 | Tome of Retraining |
| 18:00 | Retrain Hero |
| 18:01 | Blizzard |
| 18:02 | Brilliance Aura |
| 18:31 | Guard Tower |
| 18:32 | Scout Tower |
| 18:33 | Scout Tower |
| 18:43 | Guard Tower |
| 18:47 | Arcane Tower |
| 19:34 | Storm Bolt |
| 20:06 | Scout Tower |
| 20:06 | Scout Tower |
| 20:07 | Guard Tower |
| 20:13 | Scout Tower |
| 20:13 | Scout Tower |
| 20:14 | Scout Tower |
| 20:14 | Scout Tower |
| 20:15 | Scout Tower |
| 20:15 | Scout Tower |
| 20:16 | Scout Tower |
| 20:56 | Holy Light |
| 21:08 | Guard Tower |
| 21:11 | Guard Tower |
| 21:29 | Scout Tower |
| 21:29 | Scout Tower |
| 21:30 | Scout Tower |
| 21:31 | Scout Tower |
| 21:32 | Scout Tower |
| 21:32 | Scout Tower |
| 21:35 | Priest Master Training |
| 21:35 | Priest |
| 22:30 | Staff of Sanctuary |
| 22:35 | Circlet of Nobility |
| 22:42 | Guard Tower |
| 25:22 | Guard Tower |
| 25:25 | Guard Tower |
| 25:27 | Arcane Tower |
| 27:45 | Scroll of Regeneration |
| 28:08 | Periapt of Vitality |
| 29:42 | Bash |
| 31:20 | Blizzard |
| 31:59 | Gryphon Aviary |
| 32:01 | Barracks |
| 32:02 | Blacksmith |
| 32:07 | Scout Tower |
| 32:08 | Scout Tower |
| 32:24 | Gryphon Aviary |
| 32:35 | Scout Tower |
| 32:35 | Scout Tower |
| 32:36 | Scout Tower |
| 32:37 | Scout Tower |
| 32:37 | Scout Tower |
| 32:38 | Scout Tower |
| 32:38 | Scout Tower |
| 32:38 | Scout Tower |
| 32:39 | Scout Tower |
| 32:39 | Scout Tower |
| 32:39 | Scout Tower |
| 32:40 | Scout Tower |
| 32:42 | Scout Tower |
| 32:42 | Scout Tower |
| 32:43 | Scout Tower |
| 32:44 | Scout Tower |
| 32:44 | Scout Tower |
| 32:44 | Scout Tower |
| 32:46 | Scout Tower |
| 32:47 | Scout Tower |
| 32:47 | Scout Tower |
| 32:48 | Scout Tower |
| 32:49 | Scout Tower |
| 32:49 | Scout Tower |
| 34:17 | Dragonhawk Rider |
| 34:18 | Iron Forged Swords |
| 34:18 | Studded Leather Armor |
| 34:19 | Long Rifles |
| 34:32 | Guard Tower |
| 34:34 | Scout Tower |
| 34:34 | Scout Tower |
| 34:35 | Scout Tower |
| 34:35 | Scout Tower |
| 34:36 | Scout Tower |
| 34:37 | Scout Tower |
| 34:37 | Scout Tower |
| 34:41 | Scout Tower |
| 34:42 | Scout Tower |
| 34:43 | Scout Tower |
| 34:45 | Dragonhawk Rider |
| 34:46 | Animal War Training |
| 35:50 | Guard Tower |
| 36:14 | Guard Tower |
| 36:26 | Farm |
| 36:28 | Farm |
| 36:32 | Guard Tower |
| 36:40 | Dragonhawk Rider |
| 36:44 | Steel Forged Swords |
| 36:44 | Reinforced Leather Armor |
| 36:52 | Guard Tower |
| 37:03 | Scout Tower |
| 37:03 | Scout Tower |
| 37:08 | Farm |
| 37:10 | Scout Tower |
| 37:11 | Scout Tower |
| 37:15 | Farm |
| 37:16 | Farm |
| 37:16 | Farm |
| 37:17 | Scout Tower |
| 37:17 | Scout Tower |
| 37:18 | Scout Tower |
| 37:21 | Scout Tower |
| 37:22 | Scout Tower |
| 37:22 | Scout Tower |
| 37:23 | Scout Tower |
| 37:24 | Guard Tower |
| 37:27 | Dragonhawk Rider |
| 37:27 | Dragonhawk Rider |
| 38:00 | Divine Shield |
| 38:26 | Dragonhawk Rider |
| 38:26 | Dragonhawk Rider |
| 39:01 | Guard Tower |
| 39:03 | Scout Tower |
| 39:04 | Scout Tower |
| 39:04 | Scout Tower |
| 39:12 | Guard Tower |
| 39:24 | Scroll of Regeneration |
| 39:39 | Dragonhawk Rider |
| 39:40 | Mithril Forged Swords |
| 39:40 | Dragonhide Armor |
| 39:47 | Guard Tower |
| 39:55 | Scout Tower |
| 39:55 | Scout Tower |
| 39:57 | Scout Tower |
| 39:58 | Scout Tower |
| 39:59 | Scout Tower |
| 40:03 | Guard Tower |
| 40:04 | Scout Tower |
| 40:05 | Scout Tower |
| 40:05 | Scout Tower |
| 40:05 | Scout Tower |
| 40:07 | Scout Tower |
| 40:08 | Scout Tower |
| 40:09 | Scout Tower |
| 40:10 | Scout Tower |
| 40:13 | Scout Tower |
| 40:13 | Scout Tower |
| 40:14 | Guard Tower |
| 40:40 | Guard Tower |
| 41:12 | Guard Tower |
| 42:35 | Potion of Healing |
| 43:07 | Storm Bolt |
| 44:28 | Holy Light |
| 44:32 | Scroll of Regeneration |
| 44:44 | Guard Tower |
| 44:46 | Guard Tower |
| 44:51 | Guard Tower |
| 46:23 | Brilliance Aura |
| 49:42 | Avatar |
| 51:49 | Divine Shield |
| Right click | 3998 |
| Select group | 1949 |
| Select | 734 |
| Assign group | 420 |
| Build/train/purchase | 317 |
| Use ability | 277 |
| Chat | 252 |
| Misc. action | 77 |
| Item give/drop | 8 |
| Remove unit | 2 |
| Minimap ping | 1 |



| Scroll of Regeneration | 2 | 200 |
| Staff of Sanctuary | 3 | 750 |
| Orb of Fire | 2 | 650 |
| Lesser Clarity Potion | 2 | 140 |
| Boots of Speed | 3 | 750 |
| Staff of Teleportation | 3 | 450 |
| total: | 15 | 2940g |
| Peasant | 20 | 1500 | / | 0 |
| Priest | 1 | 135 | / | 10 |
| total: | 21 | 1635g | / | 10w |
| Scout Tower | 69 | 2070 | / | 1380 |
| Arcane Tower | 3 | 210 | / | 150 |
| Guard Tower | 29 | 2030 | / | 1450 |
| Farm | 10 | 800 | / | 200 |
| Altar of Kings | 2 | 360 | / | 100 |
| Lumber Mill | 1 | 120 | / | 0 |
| Arcane Vault | 3 | 390 | / | 90 |
| Town Hall | 1 | 385 | / | 205 |
| Arcane Sanctum | 1 | 150 | / | 140 |
| Gryphon Aviary | 2 | 280 | / | 300 |
| Keep | 1 | 320 | / | 210 |
| Castle | 1 | 360 | / | 210 |
| total: | 89 | 4555g | / | 2415w |
| 0:01 | Peasant |
| 0:04 | Farm |
| 0:06 | Altar of Kings |
| 0:09 | Lumber Mill |
| 0:16 | Peasant |
| 0:29 | Peasant |
| 0:33 | Scout Tower |
| 0:39 | Peasant |
| 0:51 | Peasant |
| 1:07 | Farm |
| 1:10 | Peasant |
| 1:16 | Arcane Tower |
| 1:20 | Peasant |
| 1:37 | Scout Tower |
| 1:38 | Peasant |
| 1:51 | Peasant |
| 2:01 | Arcane Vault |
| 2:07 | Peasant |
| 2:15 | Scout Tower |
| 2:15 | Guard Tower |
| 2:20 | Storm Bolt |
| 2:33 | Peasant |
| 2:33 | Peasant |
| 2:33 | Peasant |
| 2:40 | Scout Tower |
| 2:50 | Scout Tower |
| 2:51 | Guard Tower |
| 2:53 | Peasant |
| 2:53 | Peasant |
| 3:19 | Keep |
| 3:25 | Scout Tower |
| 3:38 | Guard Tower |
| 4:04 | Boots of Speed |
| 4:04 | Staff of Teleportation |
| 4:16 | Guard Tower |
| 4:23 | Farm |
| 4:27 | Scout Tower |
| 4:58 | Arcane Tower |
| 5:32 | Bash |
| 5:53 | Town Hall |
| 5:55 | Scout Tower |
| 5:56 | Scout Tower |
| 6:17 | Scroll of Regeneration |
| 6:26 | Guard Tower |
| 6:28 | Scout Tower |
| 6:29 | Scout Tower |
| 6:42 | Holy Light |
| 7:00 | Guard Tower |
| 7:14 | Improved Masonry |
| 7:14 | Improved Lumber Harvesting |
| 7:24 | Scout Tower |
| 7:26 | Scout Tower |
| 7:28 | Scout Tower |
| 8:21 | Guard Tower |
| 8:26 | Storm Bolt |
| 8:37 | Scout Tower |
| 8:38 | Scout Tower |
| 8:51 | Castle |
| 9:44 | Divine Shield |
| 10:59 | Scout Tower |
| 10:59 | Guard Tower |
| 11:26 | Guard Tower |
| 11:28 | Scout Tower |
| 11:30 | Peasant |
| 11:30 | Peasant |
| 11:33 | Peasant |
| 11:40 | Arcane Vault |
| 11:42 | Arcane Sanctum |
| 11:50 | Scout Tower |
| 11:50 | Scout Tower |
| 11:57 | Scout Tower |
| 11:59 | Scout Tower |
| 12:02 | Guard Tower |
| 12:27 | Scroll of Regeneration |
| 12:31 | Banish |
| 12:37 | Scout Tower |
| 12:38 | Scout Tower |
| 12:39 | Guard Tower |
| 12:41 | Guard Tower |
| 12:43 | Scout Tower |
| 12:49 | Staff of Sanctuary |
| 12:49 | Orb of Fire |
| 13:10 | Guard Tower |
| 13:12 | Scout Tower |
| 13:13 | Scout Tower |
| 13:15 | Scout Tower |
| 13:16 | Scout Tower |
| 13:18 | Scout Tower |
| 13:20 | Guard Tower |
| 13:21 | Scout Tower |
| 13:26 | Boots of Speed |
| 13:33 | Boots of Speed |
| 13:33 | Staff of Teleportation |
| 13:42 | Guard Tower |
| 13:50 | Staff of Sanctuary |
| 14:14 | Scout Tower |
| 14:16 | Scout Tower |
| 14:17 | Guard Tower |
| 14:19 | Scout Tower |
| 14:38 | Advanced Masonry |
| 14:39 | Advanced Lumber Harvesting |
| 14:46 | Staff of Teleportation |
| 14:52 | Guard Tower |
| 15:45 | Magic Sentry |
| 15:45 | Guard Tower |
| 16:25 | Priest |
| 16:25 | Priest Adept Training |
| 16:28 | Guard Tower |
| 16:51 | Siphon Mana |
| 17:48 | Holy Light |
| 18:36 | Imbued Masonry |
| 19:07 | Bash |
| 20:03 | Scout Tower |
| 20:03 | Scout Tower |
| 20:04 | Scout Tower |
| 20:05 | Scout Tower |
| 20:06 | Scout Tower |
| 20:07 | Scout Tower |
| 20:08 | Scout Tower |
| 20:08 | Scout Tower |
| 20:12 | Scout Tower |
| 20:13 | Scout Tower |
| 20:14 | Scout Tower |
| 20:14 | Scout Tower |
| 20:15 | Scout Tower |
| 20:16 | Scout Tower |
| 20:24 | Orb of Fire |
| 20:24 | Staff of Sanctuary |
| 20:36 | Arcane Tower |
| 21:27 | Scout Tower |
| 21:28 | Scout Tower |
| 21:29 | Scout Tower |
| 21:29 | Scout Tower |
| 22:29 | Guard Tower |
| 22:30 | Scout Tower |
| 22:30 | Scout Tower |
| 22:32 | Scout Tower |
| 22:33 | Scout Tower |
| 22:33 | Guard Tower |
| 22:35 | Scout Tower |
| 22:35 | Scout Tower |
| 22:36 | Guard Tower |
| 22:53 | Siphon Mana |
| 24:44 | Guard Tower |
| 24:46 | Scout Tower |
| 24:46 | Scout Tower |
| 24:55 | Guard Tower |
| 24:57 | Scout Tower |
| 25:57 | Guard Tower |
| 26:00 | Scout Tower |
| 26:01 | Scout Tower |
| 26:29 | Divine Shield |
| 26:34 | Arcane Vault |
| 28:09 | Scout Tower |
| 28:10 | Scout Tower |
| 28:10 | Scout Tower |
| 29:12 | Guard Tower |
| 30:03 | Guard Tower |
| 30:34 | Scout Tower |
| 31:39 | Storm Bolt |
| 33:50 | Banish |
| 36:24 | Guard Tower |
| 36:30 | Guard Tower |
| 36:49 | Gryphon Aviary |
| 36:50 | Gryphon Aviary |
| 36:54 | Peasant |
| 36:54 | Peasant |
| 37:10 | Farm |
| 37:12 | Farm |
| 37:13 | Farm |
| 40:00 | Farm |
| 40:01 | Farm |
| 40:02 | Farm |
| 40:03 | Farm |
| 40:39 | Holy Light |
| 44:35 | Lesser Clarity Potion |
| 44:46 | Lesser Clarity Potion |
| 44:56 | Altar of Kings |
| 45:06 | Scout Tower |
| 45:19 | Scout Tower |
| 46:24 | Siphon Mana |
| 47:33 | Avatar |
| 49:54 | Divine Shield |
| 52:38 | Summon Phoenix |
| Right click | 4202 |
| Select | 1108 |
| Select group | 1089 |
| Use ability | 253 |
| Build/train/purchase | 226 |
| Assign group | 92 |
| Misc. action | 54 |
| Chat | 16 |
| Resource trade | 12 |
| Item give/drop | 7 |
| Esc | 3 |
| Minimap ping | 1 |
246 units @ 42.2k
/ 8k
121 buildings @ 19.3k
/ 9k

| Scroll of Regeneration | 5 | 500 |
| Ivory Tower | 4 | 160 |
| Orb of Fire | 1 | 325 |
| Potion of Mana | 3 | 600 |
| Potion of Healing | 2 | 300 |
| Scroll of Town Portal | 1 | 350 |
| total: | 16 | 2235g |
| Peasant | 26 | 1950 | / | 0 |
| Footman | 6 | 810 | / | 0 |
| Gryphon Rider | 5 | 1400 | / | 350 |
| Knight | 4 | 980 | / | 240 |
| Mortar Team | 11 | 1980 | / | 770 |
| Siege Engine | 8 | 1560 | / | 480 |
| Flying Machine | 4 | 400 | / | 120 |
| total: | 64 | 9080g | / | 1960w |
| Scout Tower | 2 | 60 | / | 40 |
| Guard Tower | 4 | 280 | / | 200 |
| Altar of Kings | 1 | 180 | / | 50 |
| Farm | 13 | 1040 | / | 260 |
| Barracks | 1 | 160 | / | 60 |
| Arcane Vault | 1 | 130 | / | 30 |
| Lumber Mill | 4 | 480 | / | 0 |
| Blacksmith | 2 | 280 | / | 120 |
| Town Hall | 2 | 770 | / | 410 |
| Cannon Tower | 2 | 240 | / | 200 |
| Workshop | 5 | 700 | / | 700 |
| Gryphon Aviary | 3 | 420 | / | 450 |
| Keep | 1 | 320 | / | 210 |
| Castle | 1 | 360 | / | 210 |
| total: | 34 | 4220g | / | 2120w |
| 0:05 | Altar of Kings |
| 0:19 | Farm |
| 0:22 | Barracks |
| 0:33 | Peasant |
| 0:33 | Peasant |
| 0:51 | Peasant |
| 1:42 | Arcane Vault |
| 1:45 | Peasant |
| 1:45 | Peasant |
| 1:45 | Peasant |
| 1:45 | Peasant |
| 1:53 | Farm |
| 2:37 | Devotion Aura |
| 3:10 | Farm |
| 3:11 | Farm |
| 3:15 | Peasant |
| 3:15 | Peasant |
| 3:15 | Peasant |
| 3:15 | Peasant |
| 3:32 | Footman |
| 3:32 | Footman |
| 4:23 | Scroll of Regeneration |
| 4:27 | Scroll of Regeneration |
| 4:29 | Keep |
| 4:32 | Farm |
| 4:34 | Farm |
| 5:05 | Lumber Mill |
| 5:25 | Farm |
| 5:32 | Farm |
| 5:37 | Holy Light |
| 5:43 | Footman |
| 5:44 | Footman |
| 5:51 | Blacksmith |
| 6:02 | Footman |
| 6:06 | Farm |
| 6:09 | Farm |
| 6:21 | Improved Masonry |
| 6:52 | Scout Tower |
| 6:58 | Scout Tower |
| 7:01 | Castle |
| 7:04 | Improved Lumber Harvesting |
| 8:10 | Town Hall |
| 8:13 | Devotion Aura |
| 8:19 | Advanced Masonry |
| 8:23 | Guard Tower |
| 8:24 | Guard Tower |
| 8:37 | Ivory Tower |
| 8:38 | Ivory Tower |
| 8:53 | Guard Tower |
| 8:54 | Guard Tower |
| 9:01 | Footman |
| 9:04 | Scroll of Regeneration |
| 9:10 | Black Gunpowder |
| 9:15 | Iron Forged Swords |
| 9:23 | Blacksmith |
| 9:30 | Ivory Tower |
| 9:39 | Ivory Tower |
| 9:57 | Workshop |
| 10:12 | Gryphon Aviary |
| 10:14 | Gryphon Aviary |
| 10:17 | Gryphon Aviary |
| 10:22 | Imbued Masonry |
| 11:25 | Cannon Tower |
| 11:26 | Cannon Tower |
| 11:34 | Advanced Lumber Harvesting |
| 11:52 | Peasant |
| 11:52 | Peasant |
| 11:54 | Peasant |
| 12:23 | Storm Hammers |
| 12:54 | Peasant |
| 12:54 | Peasant |
| 12:54 | Peasant |
| 12:56 | Peasant |
| 12:56 | Peasant |
| 13:34 | Lumber Mill |
| 13:52 | Gryphon Rider |
| 13:54 | Gryphon Rider |
| 14:09 | Peasant |
| 14:09 | Peasant |
| 14:10 | Peasant |
| 14:41 | Steel Forged Swords |
| 14:44 | Studded Leather Armor |
| 15:07 | Peasant |
| 15:07 | Peasant |
| 15:07 | Peasant |
| 15:08 | Peasant |
| 15:25 | Gryphon Rider |
| 15:31 | Gryphon Rider |
| 15:42 | Farm |
| 15:53 | Reinforced Leather Armor |
| 16:28 | Mithril Forged Swords |
| 16:43 | Lumber Mill |
| 17:26 | Dragonhide Armor |
| 18:34 | Gryphon Rider |
| 19:03 | Lumber Mill |
| 19:59 | Animal War Training |
| 20:35 | Iron Plating |
| 20:36 | Refined Gunpowder |
| 20:40 | Sundering Blades |
| 21:08 | Town Hall |
| 21:20 | Knight |
| 21:27 | Farm |
| 22:17 | Farm |
| 22:56 | Knight |
| 22:58 | Knight |
| 23:23 | Steel Plating |
| 25:17 | Holy Light |
| 27:09 | Devotion Aura |
| 27:58 | Knight |
| 28:01 | Scroll of Regeneration |
| 28:04 | Scroll of Regeneration |
| 28:10 | Mithril Plating |
| 28:45 | Fragmentation Shards |
| 28:46 | Flare |
| 29:24 | Orb of Fire |
| 29:29 | Scroll of Town Portal |
| 29:40 | Mortar Team |
| 29:40 | Mortar Team |
| 29:40 | Mortar Team |
| 29:41 | Mortar Team |
| 29:41 | Mortar Team |
| 29:41 | Mortar Team |
| 29:54 | Potion of Mana |
| 30:53 | Siege Engine |
| 30:54 | Siege Engine |
| 34:01 | Resurrection |
| 34:10 | Holy Light |
| 34:20 | Siege Engine |
| 34:20 | Siege Engine |
| 34:20 | Siege Engine |
| 34:38 | Workshop |
| 34:40 | Workshop |
| 34:44 | Workshop |
| 34:49 | Workshop |
| 36:48 | Siege Engine |
| 40:02 | Flying Machine Bombs |
| 40:02 | Flak Cannons |
| 40:03 | Barrage |
| 40:53 | Imbued Gunpowder |
| 40:57 | Flying Machine |
| 40:58 | Flying Machine |
| 40:58 | Flying Machine |
| 40:59 | Flying Machine |
| 43:29 | Mortar Team |
| 43:30 | Mortar Team |
| 44:05 | Potion of Healing |
| 44:30 | Potion of Healing |
| 44:34 | Potion of Mana |
| 47:22 | Mortar Team |
| 47:59 | Mortar Team |
| 48:57 | Mortar Team |
| 50:05 | Divine Shield |
| 52:00 | Siege Engine |
| 53:21 | Siege Engine |
| 54:04 | Potion of Mana |
| Right click | 1437 |
| Select | 833 |
| Select group | 327 |
| Misc. action | 203 |
| Build/train/purchase | 141 |
| Minimap ping | 77 |
| Assign group | 74 |
| Chat | 52 |
| Use ability | 48 |
| Remove unit | 10 |


| Healing Salve | 2 | 200 |
| Lesser Clarity Potion | 4 | 280 |
| Orb of Lightning | 1 | 375 |
| Potion of Healing | 1 | 150 |
| Potion of Mana | 1 | 200 |
| Boots of Speed | 2 | 500 |
| Periapt of Vitality | 1 | 325 |
| Potion of Lesser Invulnerability | 1 | 150 |
| Potion of Invisibility | 1 | 100 |
| Circlet of Nobility | 1 | 175 |
| total: | 15 | 2455g |
| Peon | 13 | 975 | / | 0 |
| Grunt | 2 | 400 | / | 0 |
| Troll Headhunter | 15 | 2100 | / | 300 |
| Troll Witch Doctor | 13 | 1885 | / | 325 |
| Troll Berserker | 7 | 980 | / | 140 |
| Tauren | 12 | 3360 | / | 960 |
| Demolisher | 15 | 3300 | / | 750 |
| Kodo Beast | 1 | 255 | / | 60 |
| Shaman | 3 | 390 | / | 60 |
| total: | 81 | 13645g | / | 2595w |
| Altar of Storms | 1 | 180 | / | 50 |
| Orc Burrow | 8 | 1280 | / | 320 |
| Barracks | 3 | 540 | / | 150 |
| Voodoo Lounge | 2 | 260 | / | 60 |
| War Mill | 1 | 205 | / | 0 |
| Great Hall | 1 | 385 | / | 185 |
| Spirit Lodge | 1 | 150 | / | 150 |
| Tauren Totem | 1 | 135 | / | 155 |
| Beastiary | 2 | 290 | / | 280 |
| Stronghold | 1 | 315 | / | 190 |
| Fortress | 1 | 325 | / | 190 |
| total: | 20 | 3425g | / | 1350w |
| 0:02 | Peon |
| 0:02 | Peon |
| 0:20 | Peon |
| 0:29 | Altar of Storms |
| 0:33 | Peon |
| 0:46 | Orc Burrow |
| 0:52 | Peon |
| 1:11 | Peon |
| 1:20 | Barracks |
| 1:31 | Barracks |
| 1:42 | Voodoo Lounge |
| 1:45 | Peon |
| 1:53 | Orc Burrow |
| 2:20 | War Mill |
| 2:35 | War Stomp |
| 2:44 | Grunt |
| 2:57 | Peon |
| 3:14 | Grunt |
| 3:45 | Orc Burrow |
| 4:16 | Stronghold |
| 4:17 | Troll Headhunter |
| 4:34 | Endurance Aura |
| 4:39 | Troll Headhunter |
| 4:46 | Steel Ranged Weapons |
| 4:46 | Spiked Barricades |
| 4:54 | Troll Headhunter |
| 4:59 | Healing Salve |
| 5:06 | Lesser Clarity Potion |
| 5:26 | Orc Burrow |
| 5:58 | Troll Headhunter |
| 6:01 | Steel Armor |
| 6:07 | Troll Headhunter |
| 6:09 | Healing Salve |
| 6:13 | Lesser Clarity Potion |
| 6:46 | Troll Regeneration |
| 6:47 | Troll Headhunter |
| 6:54 | Improved Spiked Barricades |
| 7:01 | Spirit Lodge |
| 7:17 | Endurance Aura |
| 7:25 | Troll Headhunter |
| 8:08 | Troll Headhunter |
| 8:08 | Troll Headhunter |
| 8:45 | Fortress |
| 8:51 | Witch Doctor Adept Training |
| 9:33 | Troll Headhunter |
| 10:01 | Hex |
| 10:35 | Troll Headhunter |
| 10:36 | Troll Headhunter |
| 10:51 | Troll Headhunter |
| 11:37 | Berserker Upgrade |
| 11:37 | Troll Headhunter |
| 11:37 | Troll Headhunter |
| 11:41 | Witch Doctor Master Training |
| 11:41 | Troll Witch Doctor |
| 11:41 | Troll Witch Doctor |
| 11:42 | Troll Witch Doctor |
| 11:51 | Orc Burrow |
| 12:16 | Troll Witch Doctor |
| 12:29 | War Stomp |
| 12:37 | Troll Berserker |
| 12:43 | Tauren Totem |
| 13:16 | Great Hall |
| 13:37 | Orc Burrow |
| 15:08 | Troll Witch Doctor |
| 15:08 | Troll Witch Doctor |
| 15:14 | Orc Burrow |
| 15:25 | Troll Berserker |
| 15:25 | Troll Berserker |
| 15:58 | Peon |
| 15:58 | Peon |
| 15:58 | Peon |
| 15:58 | Peon |
| 16:43 | Thorium Ranged Weapons |
| 16:44 | Thorium Armor |
| 16:44 | Reinforced Defenses |
| 16:48 | Tauren |
| 16:57 | Troll Witch Doctor |
| 18:13 | Tauren |
| 18:13 | Tauren |
| 18:37 | Peon |
| 18:40 | Orc Burrow |
| 18:42 | Voodoo Lounge |
| 19:47 | Arcanite Ranged Weapons |
| 19:47 | Arcanite Armor |
| 19:52 | Troll Witch Doctor |
| 19:52 | Troll Witch Doctor |
| 20:00 | Healing Wave |
| 20:18 | Beastiary |
| 20:20 | Beastiary |
| 20:46 | Tauren |
| 20:46 | Tauren |
| 20:46 | Tauren |
| 20:49 | Pulverize |
| 21:09 | Demolisher |
| 21:09 | Demolisher |
| 21:38 | Kodo Beast |
| 22:15 | War Drums Damage Increase |
| 22:20 | Burning Oil |
| 22:26 | Demolisher |
| 23:42 | Demolisher |
| 25:56 | Tauren |
| 27:18 | Troll Berserker |
| 27:18 | Troll Berserker |
| 27:20 | Troll Witch Doctor |
| 27:20 | Troll Witch Doctor |
| 27:21 | Troll Witch Doctor |
| 27:23 | Troll Berserker |
| 27:23 | Troll Berserker |
| 27:25 | Steel Melee Weapons |
| 27:33 | Barracks |
| 27:58 | Tauren |
| 28:08 | Shaman Adept Training |
| 28:11 | Pillage |
| 30:26 | Tauren |
| 31:42 | Shaman Master Training |
| 31:43 | Shaman |
| 31:43 | Shaman |
| 31:43 | Shaman |
| 32:07 | Tauren |
| 33:06 | Troll Witch Doctor |
| 33:33 | Lesser Clarity Potion |
| 33:46 | Orb of Lightning |
| 34:30 | Thorium Melee Weapons |
| 34:47 | Tauren |
| 36:18 | Endurance Aura |
| 36:24 | Healing Wave |
| 36:41 | Demolisher |
| 36:42 | Demolisher |
| 37:10 | Demolisher |
| 40:13 | Demolisher |
| 40:13 | Demolisher |
| 41:39 | Potion of Healing |
| 41:40 | Potion of Mana |
| 41:42 | Lesser Clarity Potion |
| 43:12 | Demolisher |
| 43:12 | Demolisher |
| 46:19 | Demolisher |
| 46:19 | Demolisher |
| 47:08 | Demolisher |
| 47:33 | Demolisher |
| 48:22 | Tauren |
| 53:36 | Boots of Speed |
| 53:37 | Periapt of Vitality |
| 53:37 | Potion of Lesser Invulnerability |
| 53:40 | Potion of Invisibility |
| 53:44 | Boots of Speed |
| 53:46 | Circlet of Nobility |
| Right click | 2860 |
| Select group | 1471 |
| Select | 979 |
| Misc. action | 549 |
| Build/train/purchase | 204 |
| Assign group | 150 |
| Use ability | 103 |
| Minimap ping | 16 |
| Remove unit | 4 |
| Item give/drop | 3 |
| Esc | 1 |


| Scroll of Town Portal | 1 | 350 |
| total: | 1 | 350g |
| Wisp | 25 | 1500 | / | 0 |
| Archer | 4 | 520 | / | 40 |
| Huntress | 3 | 585 | / | 60 |
| Hippogryph | 2 | 320 | / | 40 |
| Chimaera | 19 | 6270 | / | 1330 |
| Mountain Giant | 8 | 2800 | / | 800 |
| Forest Troll High Priest | 1 | 305 | / | 40 |
| total: | 62 | 12300g | / | 2310w |
| Ancient Protector | 2 | 270 | / | 160 |
| Altar of Elders | 1 | 180 | / | 50 |
| Ancient of War | 2 | 300 | / | 120 |
| Moon Well | 18 | 3240 | / | 720 |
| Hunter's Hall | 1 | 210 | / | 100 |
| Tree of Life | 3 | 1020 | / | 555 |
| Ancient of Wonders | 1 | 90 | / | 30 |
| Ancient of Wind | 1 | 150 | / | 140 |
| Ancient of Lore | 1 | 155 | / | 145 |
| Chimaera Roost | 2 | 280 | / | 380 |
| Tree of Ages | 1 | 320 | / | 180 |
| Tree of Eternity | 1 | 330 | / | 200 |
| total: | 32 | 5895g | / | 2400w |
| 0:04 | Wisp |
| 0:04 | Wisp |
| 0:04 | Wisp |
| 0:05 | Wisp |
| 0:18 | Altar of Elders |
| 0:27 | Ancient of War |
| 0:35 | Wisp |
| 0:35 | Wisp |
| 1:10 | Ancient of War |
| 1:18 | Wisp |
| 1:36 | Moon Well |
| 1:38 | Moon Well |
| 1:41 | Moon Well |
| 3:01 | Archer |
| 3:01 | Archer |
| 3:01 | Archer |
| 3:01 | Archer |
| 3:13 | Moon Well |
| 3:18 | Moon Well |
| 3:27 | Moon Well |
| 3:49 | Trueshot Aura |
| 5:07 | Hunter's Hall |
| 5:17 | Wisp |
| 5:17 | Wisp |
| 5:18 | Wisp |
| 6:10 | Moon Well |
| 6:11 | Moon Well |
| 6:12 | Moon Well |
| 6:36 | Moon Well |
| 7:18 | Searing Arrows |
| 7:50 | Tree of Life |
| 7:58 | Ancient Protector |
| 8:04 | Ancient Protector |
| 8:27 | Huntress |
| 8:27 | Huntress |
| 8:27 | Huntress |
| 8:36 | Strength of the Moon |
| 8:36 | Moon Armor |
| 8:48 | Wisp |
| 8:49 | Wisp |
| 8:49 | Wisp |
| 10:13 | Wisp |
| 10:14 | Wisp |
| 10:14 | Wisp |
| 10:14 | Wisp |
| 10:15 | Wisp |
| 11:33 | Wisp |
| 11:33 | Wisp |
| 11:34 | Wisp |
| 11:34 | Wisp |
| 11:54 | Ultravision |
| 11:55 | Strength of the Wild |
| 11:55 | Reinforced Hides |
| 12:03 | Sentinel |
| 12:52 | Tree of Ages |
| 13:23 | Searing Arrows |
| 15:13 | Tree of Eternity |
| 15:18 | Ancient of Wind |
| 15:32 | Ancient of Lore |
| 16:15 | Scroll of Town Portal |
| 17:15 | Soul Burn |
| 17:28 | Druid of the Talon Adept Training |
| 17:29 | Hippogryph |
| 17:29 | Hippogryph |
| 17:32 | Abolish Magic |
| 17:32 | Druid of the Claw Adept Training |
| 17:38 | Improved Strength of the Moon |
| 17:40 | Improved Strength of the Wild |
| 17:40 | Well Spring |
| 17:41 | Improved Moon Armor |
| 17:41 | Improved Reinforced Hides |
| 20:03 | Marksmanship |
| 20:06 | Improved Bows |
| 20:06 | Moon Glaive |
| 20:07 | Vorpal Blades |
| 20:10 | Advanced Strength of the Moon |
| 20:10 | Advanced Strength of the Wild |
| 21:18 | Trueshot Aura |
| 21:39 | Forest Troll High Priest |
| 22:11 | Wisp |
| 22:11 | Wisp |
| 22:12 | Wisp |
| 22:18 | Chimaera Roost |
| 22:22 | Chimaera Roost |
| 23:33 | Summon Lava Spawn |
| 24:20 | Druid of the Talon Master Training |
| 24:22 | Druid of the Claw Master Training |
| 24:32 | Chimaera |
| 24:32 | Chimaera |
| 24:32 | Chimaera |
| 24:32 | Chimaera |
| 24:32 | Chimaera |
| 24:36 | Corrosive Breath |
| 24:40 | Advanced Moon Armor |
| 24:40 | Advanced Reinforced Hides |
| 24:58 | Nature's Blessing |
| 25:02 | Mark of the Claw |
| 25:17 | Ancient of Wonders |
| 26:22 | Hardened Skin |
| 26:23 | Resistant Skin |
| 26:39 | Mark of the Talon |
| 27:07 | Backpack |
| 29:34 | Incinerate |
| 30:06 | Chimaera |
| 30:06 | Chimaera |
| 30:12 | Chimaera |
| 30:45 | Chimaera |
| 32:19 | Tree of Life |
| 32:42 | Moon Well |
| 32:46 | Moon Well |
| 32:47 | Moon Well |
| 32:47 | Moon Well |
| 33:41 | Tree of Life |
| 35:08 | Moon Well |
| 35:09 | Moon Well |
| 35:10 | Moon Well |
| 35:11 | Moon Well |
| 36:57 | Searing Arrows |
| 40:43 | Incinerate |
| 43:10 | Mountain Giant |
| 43:11 | Mountain Giant |
| 43:11 | Mountain Giant |
| 43:21 | Starfall |
| 44:48 | Chimaera |
| 44:48 | Chimaera |
| 44:49 | Chimaera |
| 48:29 | Mountain Giant |
| 48:29 | Mountain Giant |
| 48:29 | Mountain Giant |
| 48:30 | Mountain Giant |
| 48:30 | Mountain Giant |
| 53:16 | Chimaera |
| 53:17 | Chimaera |
| 53:17 | Chimaera |
| 53:17 | Chimaera |
| 53:17 | Chimaera |
| 53:17 | Chimaera |
| 53:17 | Chimaera |
| Right click | 1632 |
| Select | 595 |
| Build/train/purchase | 120 |
| Use ability | 20 |
| Remove unit | 2 |



| Orb of Lightning | 2 | 750 |
| Boots of Speed | 3 | 750 |
| Periapt of Vitality | 2 | 650 |
| Circlet of Nobility | 2 | 350 |
| total: | 9 | 2500g |
| Peon | 12 | 900 | / | 0 |
| Wind Rider | 14 | 3710 | / | 560 |
| Troll Batrider | 4 | 640 | / | 160 |
| Demolisher | 2 | 440 | / | 100 |
| Tauren | 3 | 840 | / | 240 |
| Kodo Beast | 1 | 255 | / | 60 |
| Shaman | 3 | 390 | / | 60 |
| total: | 39 | 7175g | / | 1180w |
| Watch Tower | 15 | 1650 | / | 1200 |
| Altar of Storms | 1 | 180 | / | 50 |
| Orc Burrow | 7 | 1120 | / | 280 |
| War Mill | 1 | 205 | / | 0 |
| Voodoo Lounge | 1 | 130 | / | 30 |
| Great Hall | 4 | 1540 | / | 740 |
| Barracks | 1 | 180 | / | 50 |
| Beastiary | 2 | 290 | / | 280 |
| Spirit Lodge | 1 | 150 | / | 150 |
| Tauren Totem | 2 | 270 | / | 310 |
| Stronghold | 1 | 315 | / | 190 |
| Fortress | 1 | 325 | / | 190 |
| total: | 35 | 5715g | / | 3090w |
| 0:09 | Altar of Storms |
| 0:12 | Orc Burrow |
| 0:15 | Peon |
| 0:25 | Peon |
| 0:45 | Peon |
| 0:51 | Peon |
| 1:03 | Peon |
| 1:11 | Orc Burrow |
| 1:20 | Peon |
| 1:40 | Peon |
| 1:41 | Peon |
| 1:41 | Peon |
| 2:09 | Orc Burrow |
| 2:17 | Wind Walk |
| 2:34 | Stronghold |
| 3:24 | War Mill |
| 4:39 | Spiked Barricades |
| 4:46 | Watch Tower |
| 4:56 | Beastiary |
| 4:59 | Peon |
| 4:59 | Peon |
| 5:34 | Watch Tower |
| 6:03 | Steel Ranged Weapons |
| 6:06 | Wind Rider |
| 6:08 | Fortress |
| 6:39 | Voodoo Lounge |
| 6:50 | Wind Rider |
| 6:55 | Orc Burrow |
| 7:01 | Mirror Image |
| 7:24 | Wind Rider |
| 7:34 | Thorium Ranged Weapons |
| 7:53 | War Stomp |
| 8:19 | Wind Rider |
| 8:24 | Orc Burrow |
| 8:37 | Peon |
| 10:05 | Healing Wave |
| 10:09 | Wind Rider |
| 10:10 | Envenomed Spears |
| 11:13 | Wind Rider |
| 11:45 | Orc Burrow |
| 12:23 | Wind Rider |
| 12:28 | Beastiary |
| 13:05 | Wind Rider |
| 13:34 | Endurance Aura |
| 13:36 | Wind Walk |
| 13:53 | Arcanite Ranged Weapons |
| 13:57 | Steel Armor |
| 14:08 | Spirit Lodge |
| 14:58 | Wind Rider |
| 15:06 | Great Hall |
| 15:11 | Watch Tower |
| 15:31 | Shaman Adept Training |
| 16:05 | Boots of Speed |
| 16:11 | Boots of Speed |
| 16:32 | Hex |
| 16:37 | Thorium Armor |
| 17:53 | Arcanite Armor |
| 19:10 | War Stomp |
| 19:33 | Boots of Speed |
| 20:37 | Mirror Image |
| 20:59 | Healing Wave |
| 21:14 | Great Hall |
| 26:22 | Barracks |
| 27:41 | Burning Oil |
| 27:45 | Orc Burrow |
| 27:48 | Wind Rider |
| 28:45 | Steel Melee Weapons |
| 29:24 | Orb of Lightning |
| 29:53 | Periapt of Vitality |
| 29:56 | Circlet of Nobility |
| 30:39 | Orb of Lightning |
| 32:51 | Periapt of Vitality |
| 32:52 | Circlet of Nobility |
| 33:05 | Endurance Aura |
| 33:14 | Serpent Ward |
| 34:19 | Watch Tower |
| 34:23 | Watch Tower |
| 34:40 | Thorium Melee Weapons |
| 34:40 | Improved Spiked Barricades |
| 34:41 | Reinforced Defenses |
| 34:45 | Liquid Fire |
| 34:52 | War Drums Damage Increase |
| 34:53 | Ensnare |
| 34:58 | Great Hall |
| 35:02 | Watch Tower |
| 36:25 | Watch Tower |
| 36:30 | Mirror Image |
| 36:40 | Watch Tower |
| 36:41 | Watch Tower |
| 36:41 | Watch Tower |
| 36:41 | Watch Tower |
| 36:45 | Watch Tower |
| 36:45 | Watch Tower |
| 36:46 | Watch Tower |
| 36:58 | Great Hall |
| 37:43 | Troll Batrider |
| 39:31 | Wind Rider |
| 40:05 | Arcanite Melee Weapons |
| 40:11 | Wind Rider |
| 40:15 | Tauren Totem |
| 40:17 | Tauren Totem |
| 40:54 | Endurance Aura |
| 42:12 | Healing Wave |
| 42:20 | Pulverize |
| 44:45 | Demolisher |
| 44:45 | Demolisher |
| 44:58 | Tauren |
| 44:58 | Tauren |
| 44:58 | Tauren |
| 46:08 | Wind Rider |
| 47:17 | Kodo Beast |
| 47:49 | Troll Batrider |
| 47:52 | Troll Batrider |
| 49:08 | Reincarnation |
| 49:42 | Bladestorm |
| 52:19 | Troll Batrider |
| 52:49 | Watch Tower |
| 53:07 | Wind Rider |
| 53:53 | Shaman Master Training |
| 53:55 | Shaman |
| 53:55 | Shaman |
| 53:55 | Shaman |
| Right click | 1351 |
| Select group | 608 |
| Select | 349 |
| Build/train/purchase | 142 |
| Misc. action | 63 |
| Assign group | 31 |
| Use ability | 29 |
| Resource trade | 20 |
| Esc | 3 |
| Item give/drop | 2 |
⇛